 Dungeon Sprint DCSS version 0.29.1-13-g9f3cf754e1 (webtiles) character file.

Game seed: 10398190075772266096

0 sanboga the Trooper (level 2, 0/28 HPs)
             Began as a Minotaur Berserker on Jan 26, 2023.
             Was a Follower of Trog.
             Slain by a quasit (1 damage)
             ... in the Dungeon (Sprint VI: "Thunderdome").
             The game lasted 00:00:53 (57 turns).

sanboga the Trooper (Minotaur Berserker)              Turns: 57, Time: 00:00:53

Health: 0/28       AC:  2    Str: 21    XL:     2   Next: 27%
Magic:  1/1        EV: 12    Int:  4    God:    Trog [*.....]
Gold:   200        SH:  0    Dex:  9    Spells: 1/1 levels left

rFire   . . .      SeeInvis .   a - +0 hand axe
rCold   . . .      Faith    .   (no shield)
rNeg    . . .      Spirit   .   b - +0 animal skin
rPois   .          Reflect  .   (helmet restricted)
rElec   .          Harm     .   (no cloak)
rCorr   .          Rampage  .   (no gloves)
Will    .....      NoTele   +   (no boots)
Stlth   +.........              (no amulet)
HPRegen 0.09/turn               (no ring)
MPRegen 0.07/turn               (no ring)

@: on berserk cooldown, slowed, very slow
A: horns 2, retaliatory headbutt
a: Renounce Religion, Berserk


You were in the Dungeon.
You worshipped Trog.
Trog was aware of your devotion.
You visited 1 branch You collected 200 gold pieces.

Inventory:

Hand Weapons
 a - a +0 hand axe (weapon)
Armour
 b - a +0 animal skin (worn)
Wands
 i - a wand of quicksilver (5)
 j - a wand of roots (5)
Scrolls
 h - 4 scrolls of blinking
 k - 3 scrolls of fog
Potions
 c - a potion of curing
 d - 4 potions of heal wounds
 e - 4 potions of haste
 f - 2 potions of magic
 g - a potion of berserk rage
 l - a potion of resistance


   Skills:
 + Level 4.6 Fighting
 * Level 4.6 Axes
 + Level 3.7 Armour
 - Level 3.3 Dodging


You had one spell level left.
You didn't know any spells.
Your spell library was empty.

Dungeon Overview and Level Annotations

Branches:
Dungeon (1/1)

Altars:
Dithmenos
Makhleb
Okawaru
Ru
Uskayaw
Vehumet
Wu Jian
Xom
Yredelemnul
Zin
Lugonu

Shops:
D **[(!!!!


Innate Abilities, Weirdness & Mutations

You have a pair of horns on your head.
You reflexively headbutt those who attack you in melee.


Message History

You barely miss the shadow imp.
The shadow imp is heavily wounded.
You closely miss the shadow imp.
The shadow imp is heavily wounded.
The shadow imp hits you.
* * * LOW HITPOINT WARNING * * *
You slash the shadow imp!
You kill the shadow imp!
Trog accepts your kill.
Your Dodging skill increases to level 3!
You have reached level 2!
There is a radiant altar of Vehumet here.
You feel a strong urge to attack something.
You are no longer berserk.
You are exhausted.
You feel yourself slow down.
You start resting.
A quasit comes into view.
A quasit is nearby!
The quasit gives a chilling moan.
You miss the quasit. The quasit misses you.
The quasit claws you but does no damage.
The quasit claws you.
* * * LOW HITPOINT WARNING * * *
The quasit closely misses you. The quasit claws you.
* * * LOW HITPOINT WARNING * * *
The quasit closely misses you.
You closely miss the quasit. The quasit barely misses you.
The quasit claws you.
* * * LOW HITPOINT WARNING * * *
The quasit claws you but does no damage.
The quasit bites you but does no damage.
The quasit claws you.
* * * LOW HITPOINT WARNING * * *
The quasit claws you.
* * * LOW HITPOINT WARNING * * *
You miss the quasit. The quasit bites you.
* * * LOW HITPOINT WARNING * * *
The quasit claws you.
You die...

_......###......_._∩##
#.8.........8.######
#⌠...........⌠#
###.........###
#_......._#
#_......._#
#_........#
#∩...5...∩#
##∩.@...∩## ##.....##
##⌠⌠⌠## #####


You could see a quasit.

Vanquished Creatures
  A shadow imp (D)
  An ufetubus (D)
2 creatures vanquished.

Notes
Turn   | Place    | Note
-------+----------+-------------------------------------------
     0 | D        | sanboga the Minotaur Berserker began the quest for the Orb.
     0 | D        | Reached XP level 1. HP: 19/19 MP: 0/0
     1 | D        | Found a radiant altar of Vehumet.
     1 | D        | Found a shimmering altar of Xom.
     2 | D        | Found an iron altar of Okawaru.
     3 | D        | Found a corrupted altar of Lugonu.
     4 | D        | Found a shadowy altar of Dithmenos.
     4 | D        | Found a hide-covered altar of Uskayaw.
     4 | D        | Found Tehytwut's Weapon Rack.
     4 | D        | Found Zimnewug's Premium Goods.
     5 | D        | Found Xoel's Basic Armour.
     5 | D        | Found Cepotul's Miscellaneous Merchandise.
     5 | D        | Round 1.
     7 | D        | Found a basalt altar of Yredelemnul.
    26 | D        | Found an ornate altar of the Wu Jian Council.
    26 | D        | Found Yhasohext's Do-It-Yourself Clinic.
    28 | D        | Found Xoloask's Bottled Wisdom.
    28 | D        | Found Mur Weoz's Distillery.
    33 | D        | Found a burning altar of Makhleb.
    33 | D        | Found a glowing silver altar of Zin.
    33 | D        | Found a sacrificial altar of Ru.
    33 | D        | Found Leameqem's Distillery.
    41 | D        | Reached XP level 2. HP: 9/28 MP: 1/1
    57 | D        | HP: 1/28 [quasit (1)]
    57 | D        | Slain by a quasit

Illustrated notes

Levels and vault maps discovered:
D:        arena_sprint

Skill      XL: |  1 |
---------------+----+-----
Fighting       | 4 |  4.6
Axes           | 4 |  4.6
Armour         | 3 |  3.7
Dodging        | 3 |  3.3

Action                   || total
-------------------------++-------
Melee: Hand axe          ||     9
Invok: Berserk           ||     1
Armor: Animal skin       ||     3
Dodge: Dodged            ||     6
